 Dungeon Sprint DCSS version 0.29.1-15-g9cfb28693d (webtiles) character file.

Game seed: 17222496058830217600

0 Ast3rio the Ducker (level 1, 0/16 HPs)
             Began as a Demonspawn Gladiator on Mar 15, 2023.
             Was an Initiate of Gozag.
             Succumbed to a kobold brigand's curare-tipped dart
             ... in the Dungeon (Sprint VI: "Thunderdome").
             The game lasted 00:00:19 (40 turns).

Ast3rio the Ducker (Demonspawn Gladiator)             Turns: 40, Time: 00:00:20

Health: 0/16       AC:  4    Str: 14    XL:     1   Next: 16%
Magic:  1/1        EV: 12    Int:  9    God:    Gozag
Gold:   245        SH:  0    Dex: 14    Spells: 0/0 levels left

rFire   . . .      SeeInvis .   a - +0 trident
rCold   . . .      Faith    .   (no shield)
rNeg    . . .      Spirit   .   b - +0 leather armour
rPois   .          Reflect  .   c - +0 helmet
rElec   .          Harm     .   (no cloak)
rCorr   .          Rampage  .   (no gloves)
Will    .....      NoTele   +   (no boots)
Stlth   +.........              (no amulet)
HPRegen 0.05/turn               (no ring)
MPRegen 0.07/turn               (no ring)

@: lethally poisoned (0 -> -15), gold aura, slowed, very slow
A: no striking features
a: Renounce Religion, Potion Petition, Call Merchant, Bribe Branch


You were in the Dungeon.
You worshipped Gozag.
Gozag was aware of your devotion.
You visited 1 branch You collected 245 gold pieces.

Inventory:

Hand Weapons
 a - a +0 trident (weapon)
Missiles
 d - 3 throwing nets (quivered)
 e - a javelin
Armour
 b - a +0 leather armour (worn)
 c - a +0 helmet (worn)
Wands
 m - a wand of acid (5)
 n - a wand of iceblast (5)
Scrolls
 k - 4 scrolls of blinking
 o - 3 scrolls of butterflies
Potions
 f - a potion of curing
 g - 4 potions of heal wounds
 h - 4 potions of haste
 i - 2 potions of magic
 j - a potion of berserk rage
 l - a potion of resistance


   Skills:
 + Level 2.0 Fighting
 + Level 2.9 Polearms
 + Level 1.8 Throwing
 + Level 3.0 Dodging


You couldn't memorise any spells.
You didn't know any spells.
Your spell library was empty.

Dungeon Overview and Level Annotations

Branches:
Dungeon (1/1)

Altars:
Cheibriados
Dithmenos
Fedhas
Gozag
Makhleb
Qazlal
Uskayaw
Wu Jian
Yredelemnul

Shops:
D **[(!!!!


Message History

Press ? for a list of commands and other information.
Found 200 gold pieces.
Found a staircase leading out of the dungeon.
You now have 200 gold pieces.
l - a potion of resistance;
m - a wand of acid (5);
n - a wand of iceblast (5)
h - 4 potions of haste (gained 3);
g - 4 potions of heal wounds (gained 3)
o - 3 scrolls of butterflies;
k - 4 scrolls of blinking (gained 3)
There is a staircase leading out of the dungeon here.
Found a blossoming altar of Fedhas and an opulent altar of Gozag.
Get ready!
Found a basalt altar of Yredelemnul and an ornate altar of the Wu Jian Council.
Found a shadowy altar of Dithmenos and a snail-covered altar of Cheibriados.
ROUND 1!
FIGHT!
Found Ikyt's Weapon Rack and Tuackian's Premium Goods.
Found a glowing silver altar of Zin and a burning altar of Makhleb.
Found three shops.
There is an opulent altar of Gozag here.
You kneel at the altar of Gozag.
Gozag welcomes you!
Gozag waives the service fee.
Found Kiajisie's Bottled Wisdom and Nufie's Distillery.
Found Wauxt's Distillery.
Found a stormy altar of Qazlal and a hide-covered altar of Uskayaw.
A goblin comes into view. It is wielding a +0 dagger.
The goblin hits you with a +0 dagger.
You puncture the goblin!
You kill the goblin!
Your Dodging skill increases to level 3!
You now have 245 gold pieces (gained 45).
You see here a +0 dagger.
A kobold brigand comes into view.
It is wielding a +0 club and quivering curare-tipped darts.
The kobold brigand shouts!
The kobold brigand throws a curare-tipped dart.
The curare-tipped dart hits you.
You are lethally poisoned!
You have difficulty breathing.
Ouch! That really hurt!
You feel yourself slow down.
You die...
Your body crumbles into a pile of gold.

###. .### #⌠... ...K..⌠#
#.8.. .....8.######
...... #......_._∩##
..8. #.8........∩###
..###.............##
#...# #..........⌠#
#.<.# #..........⌠#
#...###.@....)...⌠#
......###.............##
....8. #.8........∩###
......###......___∩##
#.8.........8.######
#⌠...........⌠#
###.........###
........_# _......._#


You could see a kobold brigand.

Vanquished Creatures
  A goblin (D)
1 creature vanquished.

Notes
Turn   | Place    | Note
-------+----------+-------------------------------------------
     0 | D        | Ast3rio the Demonspawn Gladiator began the quest for the
                  | Orb.
     0 | D        | Reached XP level 1. HP: 16/16 MP: 1/1
     3 | D        | Found a blossoming altar of Fedhas.
     3 | D        | Found an opulent altar of Gozag.
     4 | D        | Found a basalt altar of Yredelemnul.
     4 | D        | Found an ornate altar of the Wu Jian Council.
     5 | D        | Found a shadowy altar of Dithmenos.
     5 | D        | Found a snail-covered altar of Cheibriados.
     5 | D        | Round 1.
     6 | D        | Found a burning altar of Makhleb.
     6 | D        | Found Ikyt's Weapon Rack.
     6 | D        | Found Tuackian's Premium Goods.
     7 | D        | Found Fudar's Do-It-Yourself Clinic.
     7 | D        | Found Huguxija's Basic Armour.
     7 | D        | Found Ufutidgh's Miscellaneous Merchandise.
    11 | D        | Became a worshipper of Gozag Ym Sagoz the Greedy
    18 | D        | Found Kiajisie's Bottled Wisdom.
    18 | D        | Found Nufie's Distillery.
    19 | D        | Found a stormy altar of Qazlal.
    19 | D        | Found a hide-covered altar of Uskayaw.
    19 | D        | Found Wauxt's Distillery.
    34 | D        | Reached skill level 3 in Dodging
    38 | D        | Noticed a kobold brigand
    40 | D        | Succumbed to a kobold brigand's curare-tipped dart

Illustrated notes

Levels and vault maps discovered:
D:        arena_sprint

Skill      XL: |  1 |
---------------+----+-----
Dodging        | 3 |  3.0
Fighting       | |  2.0
Polearms       | |  2.9
Throwing       | |  1.8

Action                   || total
-------------------------++-------
Melee: Trident           ||     1
